 Dungeon Sprint DCSS version 0.14-a0-519-g334afa2 (webtiles) character file.

135649 MDvedh the Wrestler (level 16, -20/154 HPs)
             Began as a Naga Transmuter on Nov 2, 2013.
             Was the Champion of Cheibriados.
             Killed from afar by a greater naga (36 damage)
             ... with an orb of energy
             ... in the Dungeon (Sprint IX: "|||||||||||||||||||||||||||||").
             The game lasted 00:21:07 (6929 turns).

MDvedh the Wrestler (Naga Transmuter)               Turns: 6929, Time: 00:21:08

HP -20/154       AC 14     Str 31      XL: 16   Next:  0%
MP   4/33        EV 27     Int 29      God: Cheibriados [******]
Gold 219         SH 16     Dex 30      Spells:  2 memorised, 13 levels left

Res.Fire  : . . .   See Invis. : +     - Unarmed
Res.Cold  : + + .   Warding    : .   J - +1 mottled dragon armour
Life Prot.: . . .   Conserve   : .   x - +0 buckler of Smotyjot {rC++ Dam+6}
Res.Poison: +       Res.Corr.  : .   w - +0 helmet
Res.Elec. : .       Clarity    : .   (no cloak)
Sust.Abil.: . .     Spirit.Shd : .   (no gloves)
Res.Mut.  : .       Prev.Telep.: +   (no barding)
Res.Rott. : .       Flight     : .   (no amulet)
Saprovore : . . .                    p - +2 ring of evasion
                                     o - +2 ring of protection

@: very slow, quite resistant to hostile enchantments, extraordinarily stealthy
A: spit poison, constrict 1, see invisible, deformed body, poison resistance,
slowness 2, AC +5
a: Spit Poison, Bend Time, Temporal Distortion, Slouch, Step From Time, Renounce
Religion
}: 3/15 runes: decaying, barnacled, gossamer


You were in the Dungeon.
You worshipped Cheibriados.
Cheibriados was exalted by your worship.
You were not hungry.

You visited 1 branch You collected 1232 gold pieces.
You spent 1013 gold pieces at shops.

Inventory:

Missiles
 b - 12 arrows
Armour
 c - a +0 robe
 w - a +0 helmet (worn)
 x - the cursed +0 buckler of Smotyjot (worn) {rC++ Dam+6}
   (You bought it in a shop in the Dungeon)

   It affects your damage-dealing abilities (+6).
   It greatly protects you from cold.
   It has a curse placed upon it.
 y - the +0 leather armour of Klutwen {+Inv rN+}
   (You bought it in a shop in the Dungeon)

   It protects you from negative energy.
   It lets you turn invisible.
 J - a +1 mottled dragon armour (worn)
Magical devices
 n - a wand of cold (7)
Comestibles
 a - 40 strawberries
 u - 9 bread rations
 v - 10 meat rations
Scrolls
 i - 2 scrolls of enchant armour
 j - a scroll of blinking
 k - 6 scrolls of enchant weapon II
 l - 5 scrolls of remove curse
 m - 2 scrolls of amnesia
 q - a scroll of enchant weapon III
 r - 3 scrolls of fog
 s - 4 scrolls of identify
 D - 3 scrolls of enchant weapon I
 N - a scroll of recharging
Jewellery
 f - the ring "Xuxkun" {rElec rF+}
   (You bought it in a shop in the Dungeon)

   [ring of protection from fire]

   It insulates you from electricity.
 o - a +2 ring of protection (left hand)
 p - a +2 ring of evasion (right hand)
 z - an uncursed ring of ice
 A - an uncursed ring of fire
 E - a +4 ring of evasion
 F - a +6 ring of dexterity
 G - a +6 ring of intelligence
 H - a +6 ring of strength
 I - a +6 ring of dexterity
Potions
 e - 6 potions of curing
 g - a potion of speed
 t - 2 potions of berserk rage
 B - a potion of cure mutation
 C - a potion of might
 K - a potion of resistance
 L - a potion of brilliance
Books
 d - a book of Changes

   Spells                             Type                      Level
   *Beastly Appendage                 Transmutation                1
   Sticks to Snakes                   Transmutation                2
   Spider Form                        Transmutation/Poison         3
   Ice Form                           Ice/Transmutation            4
   *Blade Hands                       Transmutation                5


   Skills:
 - Level 15.7 Fighting
 - Level 7.5 Armour
 - Level 13.6 Dodging
 - Level 16.2 Stealth
 - Level 6.5 Shields
 + Level 26.2 Unarmed Combat
 - Level 2.0 Spellcasting
 + Level 18.7 Transmutations
 + Level 16.0 Invocations


You had 13 spell levels left.
You knew the following spells:

 Your Spells              Type           Power        Failure   Level  Hunger
a - Beastly Appendage     Trmt           ######       0%          1    None
b - Blade Hands           Trmt           #######...   1%          5    #####..


Dungeon Overview and Level Annotations

Branches:
Dungeon (1/1)

Altars:
Ashenzari
Cheibriados
Elyvilon
Fedhas
Kikubaaqudgha
Makhleb
Nemelex Xobeh
Okawaru
Sif Muna
Trog
Vehumet
Xom
Yredelemnul
Zin
the Shining One

Shops:
D =(%[


Innate Abilities, Weirdness & Mutations

You cannot wear boots.
You can spit poison.
You can use your snake-like lower body to constrict enemies.
Your serpentine skin is tough (AC +5).
You have supernaturally acute eyesight.
Armour fits poorly on your strangely shaped body.
Your system is resistant to poisons.
You cover ground very slowly.


Message History

a spear; a shield; an uncursed whip; a robe Use which ability? (? or * to list)
You can feel time thicken for a moment.
You feel somewhat more hungry.
Unknown command.
You pummel the greater naga!! You grab the greater naga.
The greater naga is severely wounded.
You constrict the greater naga. You pummel the greater naga!!
You kill the greater naga!
Cheibriados thoroughly appreciates the change of pace.
Your Invocations skill increases to level 16!
You have reached level 16!
You feel agile.
The greater naga gestures at you while chanting.
The orb of energy hits you!
* * * LOW HITPOINT WARNING * * *
The orb of energy explodes!
The naga warrior completely misses you.
The greater naga points at you and mumbles some strange words.
The orb of energy hits you!
You die...

.#(#%#.#.#.#.#.#.#
(#.#%#.#.#.#.#.#.#
)#.#.#.#)#.#.#.#.#
)#.#.#.#%#.#.#.#'#
.#.#%#.#)#.#.#.#.#
.#.#.#.#.#.#.#.#)#
.#.#%#.#.#.#.#.#)#
)#.#%#.#.#.#.#.#)#
.#.#.#.#.#.#.#.#@#
.#.#'#.#.#.#.#.#N#
.#.#.#.#.#.#.#.#N#
.#.#.#.#.#.#'#.#)#
'#.#.#.#'#.#.#.#%#
.#.#.#.#.#.#.#.#.#
.#.#.#.#.#.#.#.#.#
.#.#.#.#.#.#.#.#.#
.#.#.#.#.#.#.#.#.#


You could see a naga warrior and a greater naga.

Vanquished Creatures
  Margery (D)
  Jory (D)
  Xtahua (D)
  Frederick (D)
  Nikola (D)
  2 tengu reavers (D)
  Ilsuiw (D)
  Wiglaf (D)
  A vault warden (D)
  2 ghost moths (D)
  5 emperor scorpions (D)
  A stone giant (D)
  5 greater nagas (D)
  3 merfolk javelineers (D)
  2 ettins (D)
  4 merfolk impalers (D)
  A great orb of eyes (D)
  3 yaktaur captains (D)
  A siren (D)
  7 hydras (D)
  An ice dragon (D)
  3 merfolk aquamancers (D)
  An anaconda (D)
  2 ogre magi (D)
  2 orc high priests (D)
  3 naga warriors (D)
  A centaur warrior (D)
  A deep elf knight (D)
  A skeletal warrior (D)
  An iron troll (D)
  A shadow wraith (D)
  A sea snake (D)
  A flayed ghost (D)
  A hill giant (D)
  An unseen horror (D)
  5 swamp dragons (D)
  4 hell knights (D)
  Joseph (D)
  A necromancer (D)
  8 orc knights (D)
  A cyclops (D)
  4 wolf spiders (D)
  A griffon (D)
  3 orc sorcerers (D)
  2 black mambas (D)
  2 elephants (D)
  2 moths of wrath (D)
  2 spiny worms (D)
  2 guardian serpents (D)
  A yaktaur (D)
  A naga mage (D)
  A troll (D)
  A mermaid (D)
  An orb spider (D)
  2 polar bears (D)
  Sonja (D)
  2 boulder beetles (D)
  2 slime creatures (D)
  A giant firefly (shapeshifter) (D)
  A snapping turtle (D)
  2 grizzly bears (D)
  A trapdoor spider (D)
  5 redbacks (D)
  A vampire (D)
  3 ugly things (D)
  7 water elementals (D)
  A yak (D)
  An elf zombie (D)
  An elephant slug (D)
  A shadow (D)
  Grum (D)
  4 merfolk (D)
  A hippogriff (D)
  A hungry ghost (D)
  5 vampire mosquitoes (D)
  2 manticores (D)
  3 wolves (D)
  An ogre zombie (D)
  A necrophage (D)
  5 swamp drakes (D)
  A freezing wraith (D)
  2 porcupines (D)
  2 nagas (D)
  4 black bears (D)
  7 orc warriors (D)
  A crocodile (D)
  A big kobold (D)
  4 water moccasins (D)
  An agate snail (D)
  3 giant frogs (D)
  A hound (D)
  2 spiders (D)
  3 crimson imps (D)
  4 orc priests (D)
  A goliath beetle (D)
  3 iguanas (D)
  An orc wizard (D)
  A scorpion (D)
  3 worker ants (D)
  A green rat (D)
  5 orc zombies (D)
  4 adders (D)
  A worm (D)
  An adder zombie (D)
  An adder skeleton (D)
  15 orcs (D)
  3 bats (D)
  A bat skeleton (D)
  A giant cockroach (D)
  A hobgoblin (D)
  A jackal (D)
  A quokka (D)
  A ball python (D)
  2 giant geckos (D)
  A goblin (D)
  2 goblin zombies (D)
  A hobgoblin skeleton (D)
  A kobold zombie (D)
  A rat (D)
  A fungus (D)
255 creatures vanquished.

Vanquished Creatures (others)
  A vault sentinel (D)
  A yaktaur zombie (D)
2 creatures vanquished.

Grand Total: 257 creatures vanquished

Notes
Turn   | Place    | Note
--------------------------------------------------------------
     0 | D        | MDvedh, the Naga Transmuter, began the quest for the Orb.
     0 | D        | Reached XP level 1. HP: 18/18 MP: 1/1
    18 | D        | Reached skill level 4 in Unarmed Combat
   199 | D        | Noticed a crimson imp
   213 | D        | Killed a crimson imp
   213 | D        | Reached skill level 7 in Unarmed Combat
   213 | D        | Reached XP level 2. HP: 9/25 MP: 3/3
   213 | D        | Reached XP level 3. HP: 11/31 MP: 4/4
   273 | D        | Found a shattered altar of Ashenzari.
   273 | D        | Found a bloodstained altar of Trog.
   273 | D        | Found a deep blue altar of Sif Muna.
   273 | D        | Found a snail-covered altar of Cheibriados.
   273 | D        | Found an iron altar of Okawaru.
   273 | D        | Found a glowing golden altar of the Shining One.
   273 | D        | Found an ancient bone altar of Kikubaaqudgha.
   274 | D        | Found a blossoming altar of Fedhas.
   275 | D        | Found a basalt altar of Yredelemnul.
   276 | D        | Found a white marble altar of Elyvilon.
   277 | D        | Found a glowing silver altar of Zin.
   278 | D        | Found a shimmering altar of Xom.
   279 | D        | Found a burning altar of Makhleb.
   280 | D        | Found a radiant altar of Vehumet.
   281 | D        | Found a sparkling altar of Nemelex Xobeh.
   282 | D        | Found a shattered altar of Ashenzari.
   283 | D        | Found a bloodstained altar of Trog.
   299 | D        | Became a worshipper of Cheibriados the Contemplative
   367 | D        | Noticed a hill giant
   367 | D        | Noticed a worker ant
   367 | D        | Noticed a worker ant
   367 | D        | Noticed a crimson imp
   367 | D        | Noticed a necrophage
   368 | D        | Was placed under penance by Cheibriados
   375 | D        | Killed a hill giant
   375 | D        | Was forgiven by Cheibriados
   375 | D        | Reached skill level 1 in Stealth
   375 | D        | Reached skill level 14 in Unarmed Combat
   375 | D        | Reached XP level 4. HP: 29/38 MP: 4/6
   375 | D        | Reached XP level 5. HP: 33/44 MP: 4/7
   375 | D        | Reached XP level 6. HP: 38/51 MP: 5/9
   375 | D        | Reached XP level 7. HP: 42/57 MP: 5/10
   376 | D        | Killed a crimson imp
   378 | D        | Killed a worker ant
   378 | D        | Acquired Cheibriados' first power
   378 | D        | Reached skill level 15 in Unarmed Combat
   380 | D        | Killed a worker ant
   392 | D        | Killed a necrophage
   527 | D        | Noticed a yak
   527 | D        | Noticed a worker ant
   527 | D        | Noticed a slime creature
   527 | D        | Noticed a goliath beetle
   527 | D        | Noticed an iguana
   532 | D        | Killed a yak
   532 | D        | Acquired Cheibriados' second power
   532 | D        | Reached skill level 16 in Unarmed Combat
   532 | D        | Reached XP level 8. HP: 66/66 MP: 10/12
   534 | D        | Killed a worker ant
   553 | D        | Killed a slime creature
   553 | D        | Acquired Cheibriados' third power
   561 | D        | Killed a goliath beetle
   561 | D        | Reached skill level 1 in Invocations
   569 | D        | Killed an iguana
   896 | D        | Noticed a crocodile
   896 | D        | Noticed an agate snail
   896 | D        | Noticed an iguana
   896 | D        | Noticed a giant frog
   898 | D        | Noticed an elephant slug
   900 | D        | Killed a crocodile
   900 | D        | Reached skill level 17 in Unarmed Combat
   911 | D        | Killed an agate snail
   916 | D        | Killed an iguana
   916 | D        | Acquired Cheibriados' fourth power
   920 | D        | Killed a giant frog
   941 | D        | Killed an elephant slug
  1073 | D        | Noticed an iguana
  1073 | D        | Noticed a giant frog
  1073 | D        | Noticed a hound
  1073 | D        | Noticed a porcupine
  1073 | D        | Noticed an elephant
  1075 | D        | Noticed an elephant
  1076 | D        | Killed an iguana
  1077 | D        | Noticed a porcupine
  1084 | D        | Killed a giant frog
  1084 | D        | Reached skill level 5 in Invocations
  1084 | D        | Reached XP level 9. HP: 67/72 MP: 16/16
  1088 | D        | Killed a hound
  1090 | D        | Killed a porcupine
  1090 | D        | Reached skill level 5 in Transmutations
  1093 | D        | Killed an elephant
  1097 | D        | Killed an elephant
  1100 | D        | Killed a porcupine
  1295 | D        | Learned a level 5 spell: Blade Hands
  1299 | D        | Noticed a black bear
  1299 | D        | Noticed a polar bear
  1299 | D        | Noticed a black bear
  1299 | D        | Noticed a grizzly bear
  1299 | D        | Noticed a grizzly bear
  1299 | D        | Noticed a black bear
  1299 | D        | Noticed a black bear
  1300 | D        | Noticed a polar bear
  1301 | D        | Killed a black bear
  1301 | D        | Reached skill level 18 in Unarmed Combat
  1301 | D        | Killed a black bear
  1301 | D        | Killed a black bear
  1303 | D        | Killed a polar bear
  1303 | D        | Killed a grizzly bear
  1303 | D        | Killed a grizzly bear
  1303 | D        | Reached XP level 10. HP: 73/79 MP: 15/22
  1303 | D        | Killed a polar bear
  1303 | D        | Killed a black bear
  1399 | D        | Noticed a wolf
  1403 | D        | Killed a wolf
  1404 | D        | Noticed Grum
  1405 | D        | Noticed a wolf
  1406 | D        | Noticed a wolf
  1410 | D        | Killed Grum
  1416 | D        | Killed a wolf
  1418 | D        | Killed a wolf
  1418 | D        | Reached skill level 10 in Invocations
  1595 | D        | Noticed Joseph
  1603 | D        | Killed Joseph
  1859 | D        | Noticed an orc knight
  1859 | D        | Noticed an orc wizard
  1864 | D        | Killed an orc knight
  1864 | D        | Reached skill level 10 in Transmutations
  1865 | D        | Noticed an orc priest
  1866 | D        | Killed an orc wizard
  1867 | D        | Noticed an ettin
  1869 | D        | Noticed an orc priest
  1872 | D        | Noticed an orc priest
  1874 | D        | Killed an orc priest
  1874 | D        | Killed an orc priest
  1874 | D        | Killed an orc priest
  1876 | D        | Killed an ettin
  1876 | D        | Reached skill level 19 in Unarmed Combat
  2087 | D        | Noticed an orc warrior
  2087 | D        | Noticed an orc priest
  2087 | D        | Noticed an orc warrior
  2087 | D        | Noticed an orc knight
  2087 | D        | Noticed an orc warrior
  2087 | D        | Noticed an orc warrior
  2087 | D        | Noticed an orc knight
  2088 | D        | Noticed an orc warrior
  2089 | D        | Killed an orc priest
  2089 | D        | Killed an orc warrior
  2089 | D        | Killed an orc warrior
  2089 | D        | Killed an orc warrior
  2090 | D        | Killed an orc warrior
  2090 | D        | Killed an orc warrior
  2091 | D        | Noticed an orc warrior
  2091 | D        | Killed an orc knight
  2091 | D        | Reached skill level 5 in Fighting
  2091 | D        | Reached XP level 11. HP: 50/92 MP: 13/24
  2091 | D        | Killed an orc knight
  2091 | D        | Reached skill level 5 in Dodging
  2091 | D        | Killed an orc warrior
  2098 | D        | Noticed an orc high priest
  2099 | D        | Noticed an orc warrior
  2101 | D        | Killed an orc warrior
  2104 | D        | Noticed a soul eater
  2105 | D        | HP: 4/92 [orc high priest/divine providence (13)]
  2110 | D        | Killed an orc high priest
  2322 | D        | Found Graruah's Jewellery Emporium.
  2322 | D        | Noticed an orc sorcerer
  2322 | D        | Noticed an orc knight
  2322 | D        | Noticed an orc sorcerer
  2324 | D        | Killed an orc sorcerer
  2326 | D        | Found Vuvehema's Antique Weapon Shoppe.
  2327 | D        | Killed an orc sorcerer
  2329 | D        | Killed an orc knight
  2333 | D        | Found Ferpheane's Food Emporium.
  2639 | D        | Found Diasofiu's Antique Armour Shoppe.
  2641 | D        | Noticed an orc sorcerer
  2642 | D        | Noticed an orc knight
  2643 | D        | Noticed an orc high priest
  2645 | D        | Noticed an orc knight
  2645 | D        | Killed an orc sorcerer
  2645 | D        | Reached skill level 1 in Armour
  2646 | D        | Killed an orc knight
  2646 | D        | Killed an orc high priest
  2647 | D        | Killed an orc knight
  2783 | D        | Bought the ring "Xuxkun" {rElec rF+} for 636 gold pieces
  2790 | D        | Bought a slimy buckler for 195 gold pieces
  2790 | D        | Bought an encrusted leather armour for 182 gold pieces
  2794 | D        | Identified the cursed +0 buckler of Smotyjot {rC++ Dam+6} (You bought it in a shop in the Dungeon)
  2800 | D        | Identified the +0 leather armour of Klutwen {+Inv rN+} (You bought it in a shop in the Dungeon)
  2935 | D        | Noticed a hungry ghost
  2935 | D        | Noticed a manticore
  2935 | D        | Noticed an unseen horror
  2935 | D        | Noticed a vampire mosquito
  2935 | D        | Noticed a troll
  2935 | D        | Noticed a crimson imp
  2936 | D        | Killed an unseen horror
  2936 | D        | Reached skill level 1 in Shields
  2936 | D        | Reached skill level 20 in Unarmed Combat
  2936 | D        | Killed a vampire mosquito
  2936 | D        | Killed a crimson imp
  2937 | D        | Killed a hungry ghost
  2937 | D        | Killed a troll
  2938 | D        | Noticed a yaktaur
  2939 | D        | Killed a manticore
  2940 | D        | Noticed a giant firefly
  2941 | D        | Noticed an ogre mage
  2942 | D        | Noticed a vampire mosquito
  2942 | D        | Killed a giant firefly
  2942 | D        | Killed a vampire mosquito
  2943 | D        | Killed a yaktaur
  2943 | D        | Reached XP level 12. HP: 82/106 MP: 10/25
  2943 | D        | Killed an ogre mage
  2944 | D        | Noticed a big kobold
  2945 | D        | Noticed a shadow
  2948 | D        | Killed a big kobold
  2950 | D        | Noticed an orc knight
  2954 | D        | Killed a shadow
  2964 | D        | Killed an orc knight
  3298 | D        | Noticed Sonja
  3305 | D        | Killed Sonja
  3306 | D        | Noticed Wiglaf
  3317 | D        | Killed Wiglaf
  3317 | D        | Reached skill level 5 in Armour
  3682 | D        | Noticed a giant frog
  3682 | D        | Noticed a swamp drake
  3682 | D        | Noticed a water moccasin
  3682 | D        | Noticed a water moccasin
  3682 | D        | Noticed a five-headed hydra
  3682 | D        | Noticed a swamp drake
  3683 | D        | Noticed a vampire mosquito
  3684 | D        | Killed a giant frog
  3684 | D        | Killed a swamp drake
  3684 | D        | Killed a water moccasin
  3684 | D        | Killed a water moccasin
  3684 | D        | Killed a swamp drake
  3684 | D        | Killed a vampire mosquito
  3686 | D        | Killed a five-headed hydra
  3686 | D        | Reached skill level 10 in Fighting
  3687 | D        | Noticed a swamp drake
  3695 | D        | Killed a swamp drake
  3764 | D        | Noticed a black mamba
  3764 | D        | Noticed an anaconda
  3764 | D        | Noticed a water moccasin
  3764 | D        | Noticed a naga
  3764 | D        | Noticed a water moccasin
  3765 | D        | Noticed a black mamba
  3766 | D        | Killed a black mamba
  3766 | D        | Killed a water moccasin
  3766 | D        | Killed a black mamba
  3766 | D        | Reached skill level 5 in Shields
  3766 | D        | Killed a water moccasin
  3767 | D        | Killed an anaconda
  3768 | D        | Noticed a naga warrior
  3770 | D        | Killed a naga
  3787 | D        | Killed a naga warrior
  4038 | D        | Noticed a merfolk
  4038 | D        | Noticed a merfolk
  4038 | D        | Noticed a hippogriff
  4038 | D        | Noticed a merfolk
  4038 | D        | Noticed a mermaid
  4038 | D        | Noticed a sea snake
  4039 | D        | Noticed a snapping turtle
  4041 | D        | Killed a merfolk
  4041 | D        | Killed a merfolk
  4041 | D        | Killed a hippogriff
  4041 | D        | Killed a merfolk
  4041 | D        | Killed a mermaid
  4041 | D        | Killed a sea snake
  4042 | D        | Noticed a manticore
  4045 | D        | Killed a snapping turtle
  4050 | D        | Killed a manticore
  4300 | D        | Noticed a wolf spider
  4300 | D        | Noticed a redback
  4300 | D        | Noticed a redback
  4300 | D        | Noticed a spider
  4300 | D        | Noticed a wolf spider
  4300 | D        | Noticed a spider
  4301 | D        | Noticed a scorpion
  4302 | D        | Killed a redback
  4302 | D        | Killed a trapdoor spider
  4302 | D        | Killed a wolf spider
  4302 | D        | Killed a spider
  4302 | D        | Killed a redback
  4302 | D        | Killed a spider
  4302 | D        | Killed a scorpion
  4303 | D        | Killed a wolf spider
  4304 | D        | Noticed an orb spider
  4312 | D        | Killed an orb spider
  4461 | D        | Noticed a freezing wraith
  4461 | D        | Noticed a purple ugly thing
  4461 | D        | Noticed a spiny worm
  4461 | D        | Noticed a red ugly thing
  4461 | D        | Noticed an orc knight
  4461 | D        | Noticed a stone giant
  4461 | D        | Noticed an ettin
  4462 | D        | Noticed a yaktaur captain
  4464 | D        | Killed a purple ugly thing
  4464 | D        | Reached XP level 13. HP: 118/118 MP: 20/26
  4464 | D        | Killed a red ugly thing
  4464 | D        | Reached skill level 21 in Unarmed Combat
  4465 | D        | Killed a freezing wraith
  4465 | D        | Killed an orc knight
  4465 | D        | Reached skill level 10 in Dodging
  4465 | D        | Killed an ettin
  4465 | D        | Killed a yaktaur captain
  4466 | D        | Killed a spiny worm
  4466 | D        | Killed a stone giant
  4467 | D        | Noticed a boulder beetle
  4468 | D        | Noticed a yaktaur captain
  4469 | D        | Noticed an iron troll
  4469 | D        | Noticed a tengu reaver
  4470 | D        | Noticed an ice dragon
  4477 | D        | Killed a boulder beetle
  4480 | D        | Noticed a spiny worm
  4482 | D        | Killed a yaktaur captain
  4482 | D        | Killed a tengu reaver
  4482 | D        | Killed an ice dragon
  4483 | D        | Killed a spiny worm
  4485 | D        | Killed an iron troll
  4488 | D        | Noticed a flayed ghost
  4489 | D        | Noticed a griffon
  4493 | D        | Killed a flayed ghost
  4494 | D        | Noticed a centaur warrior
  4495 | D        | Noticed a vampire mosquito
  4499 | D        | Killed a griffon
  4504 | D        | Killed a centaur warrior
  4508 | D        | Killed a vampire mosquito
  4508 | D        | Reached skill level 22 in Unarmed Combat
  4874 | D        | Noticed a vampire mosquito
  4874 | D        | Noticed a skeletal warrior
  4874 | D        | Noticed an eight-headed hydra
  4874 | D        | Noticed a shadow wraith
  4874 | D        | Noticed a cyclops
  4875 | D        | Noticed a great orb of eyes
  4879 | D        | Killed a vampire mosquito
  4880 | D        | Noticed a deep elf knight
  4882 | D        | Killed a shadow wraith
  4882 | D        | Killed a deep elf knight
  4883 | D        | Noticed a vampire
  4883 | D        | Killed a skeletal warrior
  4883 | D        | Killed an eight-headed hydra
  4883 | D        | Killed a great orb of eyes
  4885 | D        | Noticed an ogre mage
  4886 | D        | Noticed a vault sentinel
  4886 | D        | Killed a cyclops
  4887 | D        | Noticed a boulder beetle
  4889 | D        | Killed a vampire
  4890 | D        | Noticed a yaktaur captain
  4891 | D        | Noticed a vault warden
  4892 | D        | Killed an ogre mage
  4892 | D        | Killed a vault sentinel
  4893 | D        | Killed a boulder beetle
  4895 | D        | Noticed a redback
  4896 | D        | Noticed a necromancer
  4896 | D        | Noticed a red ugly thing
  4897 | D        | Killed a yaktaur captain
  4899 | D        | Noticed a tengu reaver
  4901 | D        | Killed a vault warden
  4901 | D        | Reached XP level 14. HP: 64/134 MP: 4/27
  4904 | D        | Killed a redback
  4905 | D        | Killed a necromancer
  4905 | D        | Killed a red ugly thing
  4906 | D        | Reached skill level 15 in Fighting
  4907 | D        | Killed a tengu reaver
  5379 | D        | Noticed Xtahua
  5389 | D        | Killed Xtahua
  5389 | D        | Reached skill level 23 in Unarmed Combat
  5731 | D        | Noticed a hell knight
  5732 | D        | Noticed a hell knight
  5733 | D        | Noticed Margery
  5734 | D        | Noticed a hell knight
  5735 | D        | Noticed a hell knight
  5737 | D        | Noticed Nikola
  5737 | D        | Killed a hell knight
  5737 | D        | Killed a hell knight
  5738 | D        | Killed a hell knight
  5738 | D        | Reached skill level 5 in Stealth
  5738 | D        | Killed a hell knight
  5741 | D        | Killed Margery
  5748 | D        | Killed Nikola
  5749 | D        | Noticed Jory
  5750 | D        | Noticed Frederick
  5759 | D        | Killed Jory
  5761 | D        | Killed Frederick
  5761 | D        | Reached skill level 24 in Unarmed Combat
  5886 | D        | Noticed a merfolk aquamancer
  5886 | D        | Noticed a siren
  5886 | D        | Noticed a merfolk aquamancer
  5886 | D        | Noticed a merfolk impaler
  5886 | D        | Noticed a merfolk impaler
  5886 | D        | Noticed a merfolk aquamancer
  5886 | D        | Noticed Ilsuiw
  5889 | D        | Killed a merfolk aquamancer
  5890 | D        | Noticed a merfolk javelineer
  5893 | D        | Killed a merfolk aquamancer
  5894 | D        | Noticed a merfolk impaler
  5895 | D        | Noticed a merfolk javelineer
  5897 | D        | Killed a merfolk aquamancer
  5897 | D        | Killed a merfolk javelineer
  5898 | D        | Killed a siren
  5898 | D        | Reached skill level 15 in Stealth
  5898 | D        | Reached skill level 15 in Transmutations
  5898 | D        | Reached XP level 15. HP: 31/145 MP: 12/28
  5898 | D        | Killed a merfolk impaler
  5898 | D        | Killed a merfolk javelineer
  5898 | D        | Killed a merfolk impaler
  5898 | D        | Killed a merfolk impaler
  5900 | D        | Noticed a merfolk impaler
  5905 | D        | Noticed a merfolk
  5907 | D        | Noticed a merfolk javelineer
  5918 | D        | Killed Ilsuiw
  5923 | D        | Killed a merfolk javelineer
  5929 | D        | Killed a merfolk impaler
  5933 | D        | Killed a merfolk
  6249 | D        | Got a barnacled rune of Zot
  6298 | D        | Noticed a swamp dragon
  6298 | D        | Noticed a four-headed hydra
  6298 | D        | Noticed a five-headed hydra
  6298 | D        | Noticed a swamp dragon
  6298 | D        | Noticed a swamp dragon
  6298 | D        | Noticed a swamp dragon
  6298 | D        | Noticed a slime creature
  6303 | D        | Killed a swamp dragon
  6304 | D        | Noticed a swamp drake
  6305 | D        | Killed a four-headed hydra
  6306 | D        | Noticed a four-headed hydra
  6309 | D        | Killed a five-headed hydra
  6310 | D        | Noticed a swamp drake
  6314 | D        | Killed a swamp dragon
  6316 | D        | Noticed a five-headed hydra
  6316 | D        | Noticed a swamp dragon
  6320 | D        | Killed a swamp dragon
  6320 | D        | Reached skill level 25 in Unarmed Combat
  6322 | D        | Noticed an eight-headed hydra
  6324 | D        | Killed a swamp dragon
  6326 | D        | Killed a slime creature
  6329 | D        | Killed a swamp drake
  6331 | D        | Killed a four-headed hydra
  6333 | D        | Killed a swamp drake
  6338 | D        | Killed a five-headed hydra
  6342 | D        | Killed a swamp dragon
  6345 | D        | Killed an eight-headed hydra
  6349 | D        | Got a decaying rune of Zot
  6528 | D        | Noticed a redback
  6528 | D        | Noticed a moth of wrath
  6528 | D        | Noticed an emperor scorpion
  6528 | D        | Noticed an emperor scorpion
  6528 | D        | Noticed an emperor scorpion
  6528 | D        | Noticed a wolf spider
  6528 | D        | Noticed a ghost moth
  6529 | D        | Noticed a redback
  6530 | D        | Killed a redback
  6531 | D        | Noticed a ghost moth
  6532 | D        | Killed a moth of wrath
  6538 | D        | Killed an emperor scorpion
  6542 | D        | Killed an emperor scorpion
  6543 | D        | Noticed a moth of wrath
  6548 | D        | Killed an emperor scorpion
  6551 | D        | Killed a wolf spider
  6552 | D        | Noticed a wolf spider
  6554 | D        | Noticed an emperor scorpion
  6555 | D        | Killed a ghost moth
  6557 | D        | Killed a redback
  6561 | D        | Killed a ghost moth
  6563 | D        | Noticed an emperor scorpion
  6563 | D        | Killed a moth of wrath
  6572 | D        | Killed an emperor scorpion
  6581 | D        | Killed an emperor scorpion
  6582 | D        | Killed a wolf spider
  6585 | D        | Got a gossamer rune of Zot
  6908 | D        | Noticed a guardian serpent
  6908 | D        | Noticed a naga warrior
  6908 | D        | Noticed a greater naga
  6908 | D        | Noticed a greater naga
  6908 | D        | Noticed a naga
  6908 | D        | Noticed a greater naga
  6908 | D        | Noticed a greater naga
  6909 | D        | Noticed a naga warrior
  6913 | D        | Killed a guardian serpent
  6914 | D        | Noticed a naga warrior
  6915 | D        | Noticed a naga mage
  6916 | D        | Killed a naga
  6917 | D        | Killed a greater naga
  6917 | D        | Reached skill level 15 in Invocations
  6917 | D        | Killed a greater naga
  6917 | D        | Reached skill level 26 in Unarmed Combat
  6917 | D        | Killed a greater naga
  6917 | D        | Killed a naga mage
  6919 | D        | Killed a greater naga
  6920 | D        | Noticed a greater naga
  6921 | D        | Noticed a guardian serpent
  6921 | D        | Noticed a greater naga
  6922 | D        | Killed a naga warrior
  6922 | D        | Killed a guardian serpent
  6924 | D        | Killed a naga warrior
  6928 | D        | Killed a greater naga
  6928 | D        | Reached XP level 16. HP: 40/154 MP: 3/33
  6929 | D        | Killed from afar by a greater naga

Action                   |  1- 3 |  4- 6 |  7- 9 | 10-12 | 13-15 | 16-18 || total
-------------------------+-------+-------+-------+-------+-------+-------++-------
Melee: Unarmed           |    51 |       |   100 |    74 |   180 |       ||   405
 Cast: Beastly Appendage |     7 |       |     5 |       |       |       ||    12
       Blade Hands       |       |       |       |     4 |     1 |       ||     5
Invok: Slouch            |       |       |     1 |    36 |    41 |       ||    78
       Temporal Distorti |       |       |       |       |     1 |       ||     1
 Abil: Spit Poison       |       |       |     1 |       |       |       ||     1
  Use: Potion            |     2 |       |     7 |     5 |     7 |       ||    21
       Scroll            |       |       |       |     1 |       |       ||     1
 Stab: Invisible         |       |       |     6 |       |       |       ||     6
       Distracted        |       |       |     1 |     1 |       |       ||     2
       Sleeping          |       |       |       |       |     3 |       ||     3
